 Dungeon Crawl Stone Soup version 0.21.1-1-g345015f (webtiles) character file.

42 sking99 the Magician (level 3, 0/21 HPs)
             Began as an Octopode Wizard on June 21, 2018.
             Slain by Robin
             ... wielding a +2 falchion of electrocution
              (18 damage)
             ... on level 2 of the Dungeon.
             The game lasted 00:12:43 (1362 turns).

sking99 the Magician (Octopode Wizard)              Turns: 1362, Time: 00:12:45

Health: 0/21       AC:  1    Str:  6    XL:     3   Next: 54%
Magic:  1/7        EV: 13    Int: 21    God:
Gold:   100        SH:  0    Dex: 10    Spells: 0/8 levels left

rFire    . . .     SeeInvis .   j - +0 short sword (venom)
rCold    . . .     Gourm    .   (no shield)
rNeg     . . .     Faith    .   a - +0 hat
rPois    .         Spirit   .   (no amulet)
rElec    .         Reflect  .   (no ring)
rCorr    .         Harm     .   (no ring)
MR       .....                  (no ring)
Stlth    +++.......             (no ring)
HPRegen  0.07/turn              (no ring)
MPRegen  0.10/turn              (no ring)
                                (no ring)
                                (no ring)

@: very slightly contaminated
A: almost no armour, stealthy swim, amphibious, 8 rings, constrict 8, camouflage
1, gelatinous body 1
a: no special abilities


You were on level 2 of the Dungeon.
You were not hungry.

You visited 1 branch of the dungeon, and saw 2 of its levels.

You collected 100 gold pieces.

Inventory:

Hand Weapons
 j - a +0 short sword of venom (weapon)
Armour
 a - a +0 hat (worn)
Jewellery
 e - an uncursed ring of positive energy {unknown}
 n - the amulet "Quanezokk" {Reflect Int-2 Dex+6 SH+3, unknown}
   (You found it on level 1 of the Dungeon)

   [amulet of reflection]

   It shields you and reflects attacks.
   It affects your intelligence (-2).
   It affects your dexterity (+6).
   It affects your SH (+3).
 o - a cursed ring of loudness {unknown}
Scrolls
 g - 2 scrolls of identify {unknown}
 h - a scroll of amnesia {unknown}
 i - a scroll of immolation {unknown}
 k - a scroll of random uselessness {unknown}
 l - 2 scrolls of enchant weapon {unknown}
 m - a scroll of teleportation {unknown}
Potions
 d - 2 potions of agility {unknown}
Books
 b - a book of Minor Magic

   Spells                             Type                      Level
   a - Magic Dart                     Conjuration                  1
   b - Blink                          Translocation                2
   c - Call Imp                       Summoning                    2
   d - Slow                           Hexes                        2
   e - Conjure Flame                  Conjuration/Fire             3
   f - Mephitic Cloud                 Conjuration/Poison/Air       3
Comestibles
 c - 2 rations
 f - a chunk of flesh


   Skills:
 + Level 2.3 Dodging
 + Level 3.4 Stealth
 + Level 3.4 Spellcasting
 + Level 1.5 Conjurations
 + Level 1.3 Summonings
 - Level 1.0 Translocations
 + Level 0.1 Air Magic
 + Level 0.3 Poison Magic


You couldn't memorise any spells.
You knew the following spells:

 Your Spells              Type           Power        Failure   Level  Hunger
a - Magic Dart            Conj           ##..         7%          1    None
b - Call Imp              Summ           #.......     12%         2    ##.....
c - Blink                 Tloc           N/A          13%         2    ##.....
d - Mephitic Cloud        Conj/Pois/Air  #.......     28%         3    ###....


Dungeon Overview and Level Annotations

Branches:
Dungeon (2/15)

Altars:

Annotations:
D:2 Robin


Innate Abilities, Weirdness & Mutations

You cannot wear most types of armour.
You are very stealthy in the water. (Stealth+)
You are amphibious.
You can wear up to eight rings at the same time.
You can use your tentacles to constrict eight enemies at once.
Your skin changes colour to match your surroundings (Stealth+).
Your rubbery body absorbs attacks. (AC +1, EV +1)


Message History

You don't have enough magic to cast that spell.
You hit the goblin but do no damage.
The goblin is poisoned.
Your grab misses the goblin.
The goblin is moderately wounded.
The goblin closely misses you.
You hit the goblin.
You kill the goblin!
You start resting.
A goblin comes into view.
You hit the goblin.
You kill the goblin!
You start resting.
Robin of the Strong Arm comes into view.
She is wielding a falchion of electrocution.
You barely miss Robin. You grab Robin. You squeeze Robin.
Robin is lightly wounded.
You constrict Robin, but do no damage.
Robin hits you with a falchion of electrocution.
You are electrocuted!
Ouch! That really hurt!
You die...

#######
#g....#
###g#
#<#@#
#.#.#
#.#.#
#(..#
#####


You could see Robin.

Vanquished Creatures
  2 dart slugs (D:1)
  4 bats
  A giant cockroach (D:1)
  6 goblins
  7 hobgoblins
  2 jackals (D:1)
  2 kobolds (D:1)
  4 frilled lizards (D:1)
  7 rats (D:1)
35 creatures vanquished.

Notes
Turn   | Place    | Note
-------+----------+-------------------------------------------
     0 | D:1      | sking99 the Octopode Wizard began the quest for the Orb.
     0 | D:1      | Reached XP level 1. HP: 11/11 MP: 4/4
   178 | D:1      | Reached XP level 2. HP: 17/17 MP: 4/6
   313 | D:1      | Learned a level 2 spell: Call Imp
   627 | D:1      | Got a shimmering graven amulet
   737 | D:1      | Reached XP level 3. HP: 21/21 MP: 4/7
  1016 | D:1      | Learned a level 2 spell: Blink
  1020 | D:1      | Learned a level 3 spell: Mephitic Cloud
  1358 | D:2      | Noticed Robin
  1362 | D:2      | Slain by Robin

Skill      XL: |  1  2 |
---------------+-------+-----
Stealth        | 3 |  3.4
Dodging        | |  2.3
Spellcasting   | |  3.4
Conjurations   | |  1.5
Summonings     | |  1.3
Translocations | |  1.0
Air Magic      | |  0.1
Poison Magic   | |  0.3

Action                   || total
-------------------------++-------
Melee: Unarmed           ||    18
       Constrict         ||    12
       Short sword       ||    20
       Tentacles         ||     5
 Cast: Magic Dart        ||    67
       Call Imp          ||     1
  Eat: Chunk             ||     1
Armor: Skin              ||     4
Dodge: Dodged            ||    36
